DBL
MONTREAL EXPOS @ WASHINGTON SENATORS
06/16/1997
 
TOP OF THE 1ST
Montreal Expos batting - Pitching for Washington Senators : RHP Jim Neidlinger
Pitching: RHP Jim Neidlinger
Batting: LHB Hal Morris 0-0: Swinging Strike
0-1: Foul Ball, location: 2F
0-2: Fly out, F9 (Line Drive, 9D, EV 92.5 MPH)
Batting: SHB Gregg Jefferies 0-0: Ball
1-0: Ball
2-0: Called Strike
2-1: Ground out U3 (Groundball, 3, EV 94.4 MPH)
Batting: RHB Matt Williams 0-0: Ball
1-0: Called Strike
1-1: Called Strike
1-2: Fly out, F7 (Flyball, 7S, EV 78.8 MPH)
Top of the 1st over - 0 runs, 0 hits, 0 errors, 0 left on base; Montreal 0 - Washington 0
BOTTOM OF THE 1ST
Washington Senators batting - Pitching for Montreal Expos : RHP Pat Hentgen
Pitching: RHP Pat Hentgen
Batting: SHB Ray Durham 0-0: Fly out, F8 (Line Drive, 8RM, EV 85.6 MPH)
Batting: RHB Vladimir Guerrero 0-0: Fly out, F7 (Flyball, 7LMF, EV 101.3 MPH)
Batting: RHB Alex Rodriguez 0-0: Called Strike
0-1: Ball
1-1: Ball
2-1: Foul Ball, location: 2F
2-2: Ball
3-2: Ground out 5-3 (Groundball, 56, EV 78.8 MPH)
Bottom of the 1st over - 0 runs, 0 hits, 0 errors, 0 left on base; Montreal 0 - Washington 0
TOP OF THE 2ND
Montreal Expos batting - Pitching for Washington Senators : RHP Jim Neidlinger
Batting: RHB Raul Mondesi 0-0: Ground out 6-3 (Groundball, 56, EV 83.8 MPH)
Batting: RHB Jeff Kent 0-0: Foul Ball, location: 2F
0-1: Ball
1-1: Swinging Strike
1-2: Strikes out swinging
Batting: RHB Mike Sweeney 0-0: Ball
1-0: Called Strike
1-1: Fly out, F9 (Line Drive, 9, EV 85.0 MPH)
Top of the 2nd over - 0 runs, 0 hits, 0 errors, 0 left on base; Montreal 0 - Washington 0
BOTTOM OF THE 2ND
Washington Senators batting - Pitching for Montreal Expos : RHP Pat Hentgen
Batting: RHB Albert Belle 0-0: Ball
1-0: Ball
2-0: Foul Ball, location: 2F
2-1: Fly out, F8 (Flyball, 8LM, EV 88.1 MPH)
Batting: RHB Eric Davis 0-0: Foul Ball, location: 2F
0-1: Fly out, F5 (Popup, 56S, EV 73.1 MPH)
Batting: LHB Willie Greene 0-0: Ground out 4-3 (Groundball, 34D, EV 101.3 MPH)
Bottom of the 2nd over - 0 runs, 0 hits, 0 errors, 0 left on base; Montreal 0 - Washington 0
TOP OF THE 3RD
Montreal Expos batting - Pitching for Washington Senators : RHP Jim Neidlinger
Batting: RHB Leo Gomez 0-0: Ball
1-0: Called Strike
1-1: Foul Ball, location: 2F
1-2: Ground out 6-3 (Groundball, 6, EV 103.8 MPH)
Batting: RHB Jose Hernandez 0-0: Called Strike
0-1: Ball
1-1: SINGLE (Line Drive, 8RS, EV 90.6 MPH)
Batting: LHB Curtis Goodwin 0-0: Ball
1-0: Fielders Choice at 2nd, 5-4 (Groundball, 5S, EV 81.3 MPH)
Batting: LHB Hal Morris 0-0: Called Strike
0-1: Ball
Curtis Goodwin steals 2nd base
1-1: Ball
2-1: Foul Ball, location: 2F
2-2: Ground out 6-3 (Groundball, 6M, EV 101.3 MPH)
Top of the 3rd over - 0 runs, 1 hit, 0 errors, 1 left on base; Montreal 0 - Washington 0
BOTTOM OF THE 3RD
Washington Senators batting - Pitching for Montreal Expos : RHP Pat Hentgen
Batting: LHB Jon Nunnally 0-0: Ball
1-0: Called Strike
1-1: SOLO HOME RUN (Flyball, 78XD, EV 103.8 MPH), Distance : 385 ft
Batting: SHB Mickey Tettleton 0-0: Ball
1-0: Foul Ball, location: 2F
1-1: Foul Ball, location: 2F
1-2: Ball
2-2: Foul Ball, location: 2F
2-2: Ball
3-2: Strikes out looking
Batting: LHB Don Mattingly 0-0: SINGLE (Groundball, 6MD, EV 98.8 MPH)
Batting: SHB Ray Durham 0-0: Called Strike
0-1: Ball
1-1: Ball
2-1: Ball
3-1: SINGLE (Groundball, 56S, EV 70.6 MPH) (infield hit)
Don Mattingly to second
Batting: RHB Vladimir Guerrero 0-0: Foul Ball, location: 2F
0-1: Fly out, F8 (Flyball, 8RM, EV 96.3 MPH)
Batting: RHB Alex Rodriguez 0-0: Called Strike
0-1: Ball
1-1: Foul Ball, location: 2F
1-2: Ball
2-2: Ball
3-2: SINGLE (Groundball, 56D, EV 96.3 MPH)
Don Mattingly to third
Ray Durham to second
Don Mattingly scores
Ray Durham to third
Batting: RHB Albert Belle 0-0: Called Strike
0-1: Swinging Strike
0-2: Fly out, F7 (Flyball, 7, EV 90.0 MPH)
Bottom of the 3rd over - 2 runs, 4 hits, 0 errors, 2 left on base; Montreal 0 - Washington 2
TOP OF THE 4TH
Montreal Expos batting - Pitching for Washington Senators : RHP Jim Neidlinger
Batting: SHB Gregg Jefferies 0-0: Swinging Strike
0-1: Ball
1-1: Bunt missed!
1-2: Fly out, F7 (Flyball, 7S, EV 84.4 MPH)
Batting: RHB Matt Williams 0-0: Foul Ball, location: 2F
0-1: Ball
1-1: Ground out 1-3 (Groundball, 34S, EV 94.4 MPH)
Batting: RHB Raul Mondesi 0-0: Foul Ball, location: 2F
0-1: Swinging Strike
0-2: Strikes out swinging
Top of the 4th over - 0 runs, 0 hits, 0 errors, 0 left on base; Montreal 0 - Washington 2
BOTTOM OF THE 4TH
Washington Senators batting - Pitching for Montreal Expos : RHP Pat Hentgen
Batting: RHB Eric Davis 0-0: SINGLE (Line Drive, 3L, EV 101.3 MPH)
Batting: LHB Willie Greene 0-0: Ball
1-0: Swinging Strike
1-1: Fly out, F7 (Flyball, 7LM, EV 93.1 MPH)
Batting: LHB Jon Nunnally 0-0: Called Strike
0-1: 2-RUN HOME RUN (Flyball, 9D, EV 91.9 MPH), Distance : 383 ft
Batting: SHB Mickey Tettleton 0-0: Ball
1-0: Swinging Strike
1-1: Ball
2-1: Ball
3-1: Base on Balls
Batting: LHB Don Mattingly 0-0: Fly out, F8 (Flyball, 8RS, EV 88.8 MPH)
Batting: SHB Ray Durham 0-0: Foul Ball, location: 2F
0-1: Foul Ball, location: 2F
0-2: Ball
1-2: Ball
2-2: Foul Ball, location: 2F
2-2: Foul Ball, location: 2F
2-2: Foul Ball, location: 2F
2-2: Strikes out swinging
Bottom of the 4th over - 2 runs, 2 hits, 0 errors, 1 left on base; Montreal 0 - Washington 4
TOP OF THE 5TH
Montreal Expos batting - Pitching for Washington Senators : RHP Jim Neidlinger
Batting: RHB Jeff Kent 0-0: Swinging Strike
0-1: Ball
1-1: SINGLE (Line Drive, 89M, EV 97.5 MPH)
Batting: RHB Mike Sweeney 0-0: Ball
1-0: Grounds into double play, 1-6-3 (Groundball, 13S, EV 73.1 MPH)
Batting: RHB Leo Gomez 0-0: Fly out, F9 (Flyball, 89D, EV 91.9 MPH)
Top of the 5th over - 0 runs, 1 hit, 0 errors, 0 left on base; Montreal 0 - Washington 4
BOTTOM OF THE 5TH
Washington Senators batting - Pitching for Montreal Expos : RHP Pat Hentgen
Batting: RHB Vladimir Guerrero 0-0: Ball
1-0: Called Strike
1-1: Ball
2-1: Fly out, F3 (Popup, 3SF, EV 69.4 MPH)
Batting: RHB Alex Rodriguez 0-0: Called Strike
0-1: Foul Ball, location: 2F
0-2: Strikes out swinging
Batting: RHB Albert Belle 0-0: SINGLE (Line Drive, 89S, EV 101.9 MPH)
Batting: RHB Eric Davis 0-0: Ball
Albert Belle steals 2nd base
1-0: Called Strike
1-1: Ball
2-1: Swinging Strike
2-2: Ball
Wild Pitch!
Albert Belle to third
3-2: Strikes out swinging
Bottom of the 5th over - 0 runs, 1 hit, 0 errors, 1 left on base; Montreal 0 - Washington 4
TOP OF THE 6TH
Montreal Expos batting - Pitching for Washington Senators : RHP Jim Neidlinger
Batting: RHB Jose Hernandez 0-0: Ball
1-0: Ball
2-0: Called Strike
2-1: SINGLE (Flyball, 8RS, EV 97.5 MPH)
Batting: LHB Curtis Goodwin 0-0: Sac Bunt to 25 - play at first, batter safe!
Jose Hernandez to second
Batting: LHB Hal Morris 0-0: Foul Ball, location: 2F
0-1: Ball
1-1: Swinging Strike
1-2: Ball
2-2: Foul Ball, location: 2F
2-2: Foul Ball, location: 2F
2-2: Strikes out looking
Batting: SHB Gregg Jefferies 0-0: SINGLE (Groundball, 6D, EV 105.0 MPH)
Jose Hernandez to third
Curtis Goodwin to second
Runner from 3rd tries for Home, SAFE, throw by CF to home
Batting: RHB Matt Williams 0-0: Ball
1-0: Called Strike
1-1: SINGLE (Flyball, 34D, EV 88.1 MPH)
Curtis Goodwin to third
Gregg Jefferies to second
Batting: RHB Raul Mondesi 0-0: Swinging Strike
0-1: Foul Ball, location: 2F
0-2: Strikes out looking
Batting: RHB Jeff Kent 0-0: Ball
1-0: Fielders Choice at 2nd, 6-4 (Groundball, 6, EV 83.8 MPH)
Top of the 6th over - 1 run, 4 hits, 0 errors, 3 left on base; Montreal 1 - Washington 4
BOTTOM OF THE 6TH
Washington Senators batting - Pitching for Montreal Expos : RHP Pat Hentgen
Batting: LHB Willie Greene 0-0: Ball
1-0: Called Strike
1-1: Ball
2-1: Ground out 4-3 (Groundball, 4, EV 93.1 MPH)
Batting: LHB Jon Nunnally 0-0: Ball
1-0: Ball
2-0: Ball
3-0: Base on Balls
Batting: SHB Mickey Tettleton 0-0: Ball
1-0: SINGLE (Groundball, 6D, EV 106.9 MPH)
Jon Nunnally to second
Batting: LHB Don Mattingly 0-0: Called Strike
0-1: Ball
Wild Pitch!
Jon Nunnally to third
Mickey Tettleton to second
1-1: Swinging Strike
1-2: Foul Ball, location: 2F
1-2: Strikes out swinging
Batting: SHB Ray Durham 0-0: Ball
1-0: Foul Ball, location: 2F
1-1: Ball
2-1: Ground out 5-3 (Groundball, 5, EV 90.0 MPH)
Bottom of the 6th over - 0 runs, 1 hit, 0 errors, 2 left on base; Montreal 1 - Washington 4
TOP OF THE 7TH
Montreal Expos batting - Pitching for Washington Senators : RHP Jim Neidlinger
Batting: RHB Mike Sweeney 0-0: Ground out 1-3 (Groundball, 13, EV 88.1 MPH)
Batting: RHB Leo Gomez 0-0: Ball
1-0: Fly out, F9 (Flyball, 9LS, EV 85.6 MPH)
Batting: RHB Jose Hernandez 0-0: Ball
1-0: SINGLE (Groundball, 4D, EV 105.6 MPH)
Batting: LHB Curtis Goodwin 0-0: Called Strike
0-1: Swinging Strike
0-2: Ball
Wild Pitch!
Jose Hernandez to second
1-2: Ball
2-2: Ball
3-2: Ground out 5-3 (Groundball, 56S, EV 60.0 MPH)
Top of the 7th over - 0 runs, 1 hit, 0 errors, 1 left on base; Montreal 1 - Washington 4
BOTTOM OF THE 7TH
Washington Senators batting - Pitching for Montreal Expos : RHP Pat Hentgen
Batting: RHB Vladimir Guerrero 0-0: Ball
1-0: Ball
2-0: Called Strike
2-1: Ground out 6-3 (Groundball, 56, EV 79.4 MPH)
Batting: RHB Alex Rodriguez 0-0: SOLO HOME RUN (Flyball, 7D, EV 95.6 MPH), Distance : 379 ft
Batting: RHB Albert Belle 0-0: Called Strike
0-1: Ball
1-1: Swinging Strike
1-2: Strikes out swinging
Batting: RHB Eric Davis 0-0: Swinging Strike
0-1: Ball
1-1: Foul Ball, location: 2F
1-2: Ball
2-2: Foul Ball, location: 2F
2-2: Ball
3-2: Strikes out swinging
Bottom of the 7th over - 1 run, 1 hit, 0 errors, 0 left on base; Montreal 1 - Washington 5
TOP OF THE 8TH
Montreal Expos batting - Pitching for Washington Senators : RHP Jim Neidlinger
Batting: LHB Hal Morris 0-0: Ball
1-0: Ball
2-0: Ball
3-0: Called Strike
3-1: Ground out U3 (Groundball, 34, EV 83.8 MPH)
Batting: SHB Gregg Jefferies 0-0: Called Strike
0-1: Called Strike
0-2: Ball
1-2: Ground out 2-3 (Groundball, 2L, EV 66.3 MPH)
Batting: RHB Matt Williams 0-0: SOLO HOME RUN (Flyball, 7D, EV 99.4 MPH), Distance : 390 ft
Batting: RHB Raul Mondesi 0-0: Ball
1-0: Fly out, F8 (Flyball, 8RD, EV 99.4 MPH)
Top of the 8th over - 1 run, 1 hit, 0 errors, 0 left on base; Montreal 2 - Washington 5
BOTTOM OF THE 8TH
Washington Senators batting - Pitching for Montreal Expos : RHP Pat Hentgen
Batting: LHB Willie Greene 0-0: Ground out 5-3 (Groundball, 56S, EV 83.8 MPH)
Batting: LHB Jon Nunnally 0-0: Ground out 3-1 (Groundball, 34, EV 107.5 MPH)
Batting: SHB Mickey Tettleton 0-0: Called Strike
0-1: Swinging Strike
0-2: Strikes out swinging
Bottom of the 8th over - 0 runs, 0 hits, 0 errors, 0 left on base; Montreal 2 - Washington 5
TOP OF THE 9TH
Montreal Expos batting - Pitching for Washington Senators : RHP Jim Neidlinger
Batting: RHB Jeff Kent 0-0: Called Strike
0-1: Ball
1-1: Ball
2-1: Ball
3-1: Ground out 1-3 (Groundball, 34S, EV 67.5 MPH)
Batting: RHB Mike Sweeney 0-0: Swinging Strike
0-1: Foul Ball, location: 2F
0-2: Foul Ball, location: 2F
0-2: Ground out 4-3 (Groundball, 4, EV 85.6 MPH)
Batting: RHB Leo Gomez 0-0: Ball
1-0: Ball
2-0: Swinging Strike
2-1: Ball
3-1: Fly out, F8 (Line Drive, 8RM, EV 83.1 MPH)
Top of the 9th over - 0 runs, 0 hits, 0 errors, 0 left on base; Montreal 2 - Washington 5
Wednesday, February 25th, 2026 - OOTP Baseball 20.8 Build 74